 Dungeon Crawl Stone Soup version coffee-0.2.0 (webtiles) character file.

Game seed: 1854238673649660407, levelgen mode: deterministic

6566 Dorkslayer the Conjurer (level 10, 0/77 HPs)
             Began as a Demigod Conjurer on Sept 30, 2020.
             Slain by a cyan ugly thing (12 damage)
             ... on level 10 of the Dungeon.
             The game lasted 00:49:50 (8957 turns).

Dorkslayer the Conjurer (Demigod Conjurer)          Turns: 8957, Time: 00:49:51

Health: 0/77       AC: 12    Str: 11    XL:     10   Next: 43%
Magic:  33/33      EV: 17    Int: 25    God:
Gold:   506        SH:  5    Dex: 16    Spells: 5/23 levels left

rFire    . . .     SeeInvis .   d - +4 dagger (distort)
rCold    . . .     Gourm    .   (no shield)
rNeg     . . .     Faith    .   a - +0 robe
rPois    .         Spirit   .   (no helmet)
rElec    .         Reflect  +   (no cloak)
rCorr    .         Harm     .   (no gloves)
MR       +....                  l - +1 pair of boots {run}
Stlth    ++++......             g - +5 amulet of reflection
HPRegen  0.22/turn              q - ring of magical power
MPRegen  0.23/turn              v - ring of Robustness {AC+8}

@: about to teleport, quick
A: high mp 1
a: no special abilities


You were on level 10 of the Dungeon.
You were not hungry.

You visited 1 branch of the dungeon, and saw 10 of its levels.

You collected 730 gold pieces.
You spent 224 gold pieces at shops.

Inventory:

Hand Weapons
 d - a +4 dagger of distortion (weapon)
Missiles
 e - 4 boomerangs (quivered)
Armour
 a - a +0 robe (worn)
 l - a +1 pair of boots of running (worn)
Jewellery
 g - a +5 amulet of reflection (around neck)
 p - an uncursed ring of protection from cold
 q - a ring of magical power (left hand)
 t - an uncursed ring of protection from fire
 v - the ring of Robustness (right hand) {AC+8}
   (You took it off a wight on level 6 of the Dungeon)

   [ring of protection]

   It affects your AC (+8).
Wands
 n - a wand of polymorph (6)
Scrolls
 b - 4 scrolls of remove curse
 f - 3 scrolls of silence
 i - 3 scrolls of amnesia
 j - 3 scrolls of fear
 k - 5 scrolls of teleportation
 o - a scroll of immolation
 r - a scroll of vulnerability
 u - a scroll of fog
Potions
 h - 2 potions of stabbing
 s - a potion of flight
 w - a potion of mutation
 z - 2 potions of curing
 A - a potion of heal wounds
 B - a potion of resistance
 D - a potion of brilliance
 E - a potion of berserk rage
Miscellaneous
 m - a crystal ball of energy
Comestibles
 c - 16 rations


   Skills:
 + Level 3.0(7.1) Fighting
 + Level 4.7(4.8) Short Blades
 + Level 4.0 Throwing
 + Level 4.2(7.4) Dodging
 + Level 4.2(8.0) Stealth
 * Level 7.2(8.3) Spellcasting
 * Level 7.6(8.1) Conjurations
 + Level 1.0(6.3) Hexes
 + Level 0.9(5.5) Charms
 + Level 0.5(5.4) Translocations
 + Level 3.4(6.1) Air Magic
 * Level 4.4 Evocations


You had 5 spell levels left.
You knew the following spells:

 Your Spells              Type           Power        Failure   Level  Hunger
a - Magic Dart            Conj           ####         1%          1    None
b - Dazzling Flash        Conj/Hex       #####.       1%          3    None
c - Iskenderun's Mystic   Conj/Tloc      #####...     3%          4    ##.....
d - Airstrike             Air            #####.....   4%          4    ##.....
e - Corona                Hex            #####..      1%          1    None
f - Song of Slaying       Chrm           #####...     1%          2    None
g - Spectral Weapon       Hex/Chrm       #####...     1%          3    None

Your spell library contained the following spells:

 Spells                   Type           Power        Failure   Level  Hunger
 Animate Skeleton         Necr           N/A          1%          1    None
 Apportation              Tloc           #####.       1%          1    None
 Freeze                   Ice            ####         1%          1    None
 Infusion                 Chrm           ####         1%          1    None
 Shock                    Conj/Air       ####         1%          1    None
 Summon Small Mammal      Summ           ####         1%          1    None
 Searing Ray              Conj           ######       1%          2    None
 Shroud of Golubria       Chrm/Tloc      #####.       1%          2    None
 Swiftness                Chrm/Air       #####...     1%          2    None
 Confusing Touch          Hex            #####...     1%          3    None
 Frozen Ramparts          Ice            #####.       1%          3    None
 Gell's Gravitas          Tloc           #####.....   1%          3    None
 Ozocubu's Armour         Chrm/Ice       #####...     1%          3    None
 Static Discharge         Conj/Air       #####...     1%          3    None
 Fulminant Prism          Conj/Hex       #####.....   3%          4    ##.....
 Hailstorm                Conj/Ice       #####...     3%          4    ##.....
 Petrify                  Tmut/Erth      #####...     6%          4    ##.....
 Summon Ice Beast         Ice/Summ       #####...     6%          4    ##.....
 Lightning Bolt           Conj/Air       #####.....   9%          5    ####...
 Metabolic Englaciation   Hex/Ice        #####.....   14%         5    ####...
 Yara's Violent Unravell  Hex/Tmut       #####.....   14%         5    ####...


Dungeon Overview and Level Annotations

Branches:
Dungeon (10/10)            Temple (0/1) D:2
    Zot: D:10

Shops:
D:8 =:?}   D:9 :


Innate Abilities, Weirdness & Mutations

You have an increased reservoir of magic. (+10% MP)


Message History

The cyan ugly thing disappears!
z - 2 potions of curing (gained 1)
You now have 506 gold pieces (gained 11).
You open the door.
There is an open door here.
There is a stone staircase leading up here.
x - an uncursed ring of fire Drop what? 29/52 slots (_ for help) (? for menu, Esc to quit)
You drop an uncursed ring of fire.
The cyan ugly thing tail-slaps you. The cyan ugly thing shocks you!
You hit the cyan ugly thing but do no damage.
Space bends around the cyan ugly thing.
The cyan ugly thing is moderately wounded.
The cyan ugly thing tail-slaps you! The cyan ugly thing shocks you!
* * * LOW HITPOINT WARNING * * *
As you read the scroll of teleportation, it crumbles to dust.
You feel strangely unstable. The cyan ugly thing tail-slaps you!
* * * LOW HITPOINT WARNING * * *
The cyan ugly thing shocks you!
You die...

#.##.######.#################
#............................
#..#.######.##.##############
#####..#........##.#
.........######.##.# ######
...##..#......#.##.# #....#
.......#......#.##.########....##
....#..'.........................
....#..#.......u@................
.......####.............<........
.................#...............
.......###############...##......
...##..#*,,,***,,,** #....#......
...##.##,,,,,*,,,,,*##..........#
....#.#,,,,,,,,,,,,,#............
....#,*,,,*,,,,,*,,,#<...........
....#,*,,****+****,,#=#.#....####


You could see a cyan ugly thing.

Vanquished Creatures
  A two-headed ogre (D:9)
  A troll (D:7)
  Prince Ribbit (D:8)
  4 hippogriffs
  A human (D:8)
  2 hungry ghosts
  Menkaure (D:7)
  A water moccasin (D:9)
  4 orc warriors
  4 ogres
  3 phantoms
  2 centaurs
  2 crocodiles
  6 bullfrogs
  A big kobold (D:7)
  A gnoll sergeant (D:7)
  A wyvern skeleton (D:9)
  2 scorpions (D:6)
  5 killer bees (D:10)
  15 wights
  2 howler monkeys (D:5)
  A crimson imp (D:6)
  3 bullfrog zombies
  4 centaur zombies
  4 jellies
  3 quasits
  4 hounds
  5 orc priests
  2 bullfrog skeletons
  A centaur skeleton (D:4)
  A gnoll shaman (D:6)
  2 iguanas (D:7)
  5 worker ants
  2 hound skeletons
  A howler monkey zombie (D:6)
  2 worker ant zombies (D:5)
  7 gnolls
  A howler monkey skeleton (D:6)
  7 adders
  2 shadow imps
  2 oozes
  2 worms
  A dart slug (D:4)
  2 leopard geckos
  25 orcs
  9 goblins
  8 hobgoblins
  3 jackals (D:4)
  8 kobolds
  10 bats
  5 frilled lizards
  8 rats
200 creatures vanquished.

Notes
Turn   | Place    | Note
-------+----------+-------------------------------------------
     0 | D:1      | Dorkslayer the Demigod Conjurer began the quest for the
                  | Orb.
     0 | D:1      | Reached XP level 1. HP: 14/14 MP: 5/5
   262 | D:1      | Reached XP level 2. HP: 20/20 MP: 4/7
   882 | D:2      | Reached XP level 3. HP: 16/27 MP: 1/8
  1043 | D:2      | Found a staircase to the Ecumenical Temple.
  1204 | D:2      | Identified a +1 pair of boots of running (You found it on
                  | level 2 of the Dungeon)
  1683 | D:3      | Noticed an ogre
  1714 | D:3      | Killed an ogre
  1714 | D:3      | Reached skill level 1 in Fighting
  1714 | D:3      | Reached XP level 4. HP: 10/35 MP: 6/10
  1716 | D:3      | Reached XP level 5. HP: 12/40 MP: 6/11
  1737 | D:3      | Reached skill level 1 in Short Blades
  1790 | D:3      | Found a bloodstained altar of Trog.
  1802 | D:3      | Reached skill level 1 in Throwing
  1907 | D:3      | Found a faded altar of an unknown god.
  2240 | D:3      | Found a white marble altar of Elyvilon.
  2417 | D:3      | Found a basalt altar of Yredelemnul.
  2470 | D:4      | Found a radiant altar of Vehumet.
  2496 | D:4      | Learned a level 3 spell: Dazzling Flash
  2501 | D:4      | Learned a level 4 spell: Iskenderun's Mystic Blast
  2559 | D:4      | Reached skill level 5 in Conjurations
  2678 | D:4      | Found a white marble altar of Elyvilon.
  2968 | D:4      | Found a shattered altar of Ashenzari.
  2972 | D:4      | Found a snail-covered altar of Cheibriados.
  2972 | D:4      | Found a shimmering blue altar of Sif Muna.
  2978 | D:4      | Found a glowing silver altar of Zin.
  3079 | D:5      | Entered Level 5 of the Dungeon
  3081 | D:5      | Reached XP level 6. HP: 47/47 MP: 13/13
  3122 | D:5      | Found a blossoming altar of Fedhas.
  3197 | D:5      | Found an opulent altar of Gozag.
  3394 | D:5      | Found a glowing golden altar of the Shining One.
  3879 | D:6      | Reached XP level 7. HP: 55/55 MP: 5/15
  3886 | D:6      | Reached skill level 1 in Evocations
  4477 | D:6      | Reached XP level 8. HP: 62/62 MP: 17/17
  4503 | D:6      | Found a sparkling altar of Nemelex Xobeh.
  5015 | D:7      | Noticed a troll
  5034 | D:7      | Killed a troll
  5238 | D:7      | Learned a level 4 spell: Airstrike
  5332 | D:7      | Noticed a hippogriff
  5337 | D:7      | Reached skill level 1 in Air Magic
  5683 | D:7      | Reached skill level 5 in Spellcasting
  5863 | D:7      | Learned a level 1 spell: Corona
  5998 | D:7      | Noticed Menkaure
  6006 | D:7      | Killed Menkaure
  6006 | D:7      | Reached XP level 9. HP: 68/68 MP: 6/20
  6437 | D:7      | Found an ancient bone altar of Kikubaaqudgha.
  6524 | D:8      | Learned a level 2 spell: Song of Slaying
  6528 | D:8      | Learned a level 3 spell: Spectral Weapon
  6744 | D:8      | Noticed Prince Ribbit
  6767 | D:8      | Killed Prince Ribbit
  7021 | D:8      | Found Vawim's Gadget Shoppe.
  7025 | D:8      | Found Unodukig's Book Shoppe.
  7025 | D:8      | Found Lexzoism's Magic Scroll Shoppe.
  7026 | D:8      | Found Akusol's Jewellery Shoppe.
  7050 | D:8      | Bought a scroll of enchant weapon for 112 gold pieces
  7050 | D:8      | Bought a scroll of enchant weapon for 112 gold pieces
  7238 | D:8      | Found a sacrificial altar of Ru.
  7272 | D:8      | Found a glowing silver altar of Zin.
  7411 | D:9      | Noticed a two-headed ogre
  7434 | D:9      | Killed a two-headed ogre
  7434 | D:9      | Reached skill level 1 in Hexes
  7448 | D:9      | Reached XP level 10. HP: 49/77 MP: 5/23
  7756 | D:9      | Found Sulaohic's Book Shop.
  8385 | D:10     | Entered Level 10 of the Dungeon
  8890 | D:10     | Noticed a cyan ugly thing
  8957 | D:10     | Slain by a cyan ugly thing

Levels and vault maps discovered:
D:1:      zaba_arrival_water, layout_basic, minmay_strange_pillars
D:2:      layout_basic, minmay_temple_entry_butterflies
D:3:      layout_basic, kennysheep_ying_yang, kennysheep_little_box,
          chequers_ecumenical_altar_island
D:4:      layout_rooms, fiery_altar_vehumet, minitemple, minivault_23,
          elyvilon_altar_4
D:5:      minmay_general_purpose_star, layout_basic, fedhas_altar_2,
          lemuel_round_altar, first_ration, tso_altar
D:6:      layout_basic, marbit_many_paths
D:7:      layout_basic, kennysheep_mini_moat, uniq_menkaure
D:8:      layout_loops_ring, nicolae_ru_the_path_less_chosen, basic_altar,
          grunt_pizzeria, chequers_serial_rivers_small_b,
          minmay_shop_grid_forest, uniq_prince_ribbit1
D:9:      layout_roguey, serial_shops, shop_coins
D:10:     grunt_zot_entry_hairpin, layout_basic

Skill      XL: |  1  2  3  4  5  6  7  8  9 10 |
---------------+-------------------------------+-----
Conjurations   | 4 5 6 7 |  7.6
Stealth        | 2 3 4 |  4.2
Spellcasting   | 2 3 4 5 6 7 |  7.2
Fighting       | 1 2 3 |  3.0
Short Blades   | 1 2 3 4 |  4.7
Throwing       | 1 2 3 4 |  4.0
Dodging        | 2 3 4 |  4.2
Evocations     | 1 2 4 |  4.4
Air Magic      | 1 2 3 |  3.4
Hexes          | 1 |  1.0
Charms         | |  0.9
Translocations | |  0.5

Action                   |  1- 3 |  4- 6 |  7- 9 | 10-12 || total
-------------------------+-------+-------+-------+-------++-------
Melee: Unarmed           |     6 |       |       |       ||     6
       Club              |     1 |       |       |       ||     1
       Short sword       |    28 |       |       |       ||    28
       Dagger            |    21 |    94 |   265 |   112 ||   492
       Punch             |       |       |     2 |     2 ||     4
Throw: Boomerang         |       |       |    22 |     7 ||    29
 Cast: Magic Dart        |    71 |    99 |    76 |     6 ||   252
       Iskenderun's Myst |       |     1 |     6 |       ||     7
       Airstrike         |       |       |    28 |    29 ||    57
       Dazzling Flash    |       |       |     2 |       ||     2
       Corona            |       |       |     2 |       ||     2
       Spectral Weapon   |       |       |     3 |       ||     3
       Song of Slaying   |       |       |     1 |     3 ||     4
  Use: Potion            |     3 |       |     2 |     1 ||     6
       Scroll            |     1 |       |     3 |     2 ||     6
 Stab: Invisible         |     1 |       |       |       ||     1
       Sleeping          |       |     1 |    11 |     1 ||    13
  Eat: Chunk             |     2 |     7 |     6 |       ||    15
       Ration            |       |       |     4 |     1 ||     5
Armor: Robe              |     6 |    13 |    52 |    12 ||    83
Dodge: Dodged            |    27 |    31 |   122 |    43 ||   223
Block: Other             |    12 |     9 |    25 |    22 ||    68
       Reflection        |       |       |       |     2 ||     2
